 Dungeon Sprint DCSS version 0.27.1-2-g3b301248ec (webtiles) character file.

Game seed: 6561815555541802205

3363 boopmooplesden the Cleaver (level 9, -2/94 HPs)
             Began as a Minotaur Fighter on Sept 25, 2021.
             Succumbed to poison (dark miasma)
             ... in the Dungeon (Sprint II: "The Violet Keep of Menkaure").
             The game lasted 00:02:56 (653 turns).

boopmooplesden the Cleaver (Minotaur Fighter)        Turns: 653, Time: 00:02:56

Health: -2/94      AC:  9    Str: 23    XL:     9   Next: 73%
Magic:  8/8        EV: 10    Int:  5    God:
Gold:   972        SH: 13    Dex:  9    Spells: 8/8 levels left

rFire    . . .     SeeInvis .   a - +0 war axe
rCold    . . .     Faith    .   c - +0 kite shield
rNeg     . . .     Spirit   .   b - +0 scale mail
rPois    .         Reflect  .   (helmet restricted)
rElec    .         Harm     .   (no cloak)
rCorr    .         Rampage  .   (no gloves)
Will     .....     NoTele   +   (no boots)
Stlth    ..........             (no amulet)
HPRegen  0.25/turn              (no ring)
MPRegen  0.11/turn              (no ring)

@: lethally poisoned (-2 -> -29), slowed, very slow
A: horns 2, retaliatory headbutt, clumsy 1
a: no special abilities


You were in the Dungeon.
You visited 1 branch You collected 972 gold pieces.

Inventory:

Hand Weapons
 a - a +0 war axe (weapon)
Armour
 b - a +0 scale mail (worn)
 c - a +0 kite shield (worn)
Scrolls
 j - a scroll of blinking
Potions
 e - a potion of curing
 h - 2 potions of magic


   Skills:
 + Level 13.7 Fighting
 + Level 14.1 Axes
 + Level 12.8 Armour
 + Level 3.3 Dodging
 + Level 0.3 Stealth
 + Level 13.0 Shields


You had 8 spell levels left.
You didn't know any spells.
Your spell library was empty.

Dungeon Overview and Level Annotations

Branches:
Dungeon (1/1)

Altars:

Shops:
D (:[[!(:?==


Innate Abilities, Weirdness & Mutations

You have a pair of horns on your head.
You reflexively headbutt those who attack you in melee.
You are clumsy. (Dex -2)


Message History

Your Shields skill increases to level 13!
There is an open door here.
You enter the shallow water.
Moving in this stuff is going to be slow.
Really walk into a travel-excluded area?
The flying skull gives a hideous shriek!
You slash the flying skull!
The flying skull is severely damaged.
The flying skull hits you!
You hit the flying skull but do no damage.
The flying skull is severely damaged.
The flying skull hits you.
You closely miss the flying skull.
The flying skull is severely damaged.
The flying skull hits you but does no damage.
You block the flying skull's attack.
Your unstable footing causes you to fumble your attack.
The flying skull closely misses you.
Your unstable footing causes you to fumble your attack.
You block the flying skull's attack.
You closely miss the flying skull.
The flying skull is severely damaged.
The flying skull barely misses you.
You miss the flying skull.
The flying skull is severely damaged.
The flying skull barely misses you. You furiously retaliate!
You headbutt the flying skull!
You destroy the flying skull!
Your Axes skill increases to level 14!
There's nothing to close nearby.
You are engulfed in dark miasma.
You are poisoned.
* * * LOW HITPOINT WARNING * * *
x2 You feel extremely sick.
You close the gate.
You are engulfed in dark miasma.
You are lethally poisoned!
You feel yourself slow down.
* * * LOW HITPOINT WARNING * * *
You feel extremely sick.
You die...

.∩.∩.∩#≈##.###'###.##
....∩.#≈#.#.##.##...#
.....∩+≈'###'.<.†.#
......#≈#.#.##.##...#
▓▓▓▓###≈##.###'###.##
h######≈≈######.####
h ##≈≈≈#..##.#
#+#≈##...##
#@°##+##≈≈ ##°°°°≈≈≈≈
#+++#+++# #.°○≈○°≈#
#≈≈≈≈≈°≈○°
+..°≈≈≈≈.°§
##≈≈..≈≈≈≈≈
##°.≈°°°.# ####+####


There were no monsters in sight!

Vanquished Creatures
  12 flying skulls (D)
  2 wyverns (D)
  4 neqoxecs (D)
  Menkaure (D)
  4 necrophages (D)
  4 scorpions (D)
27 creatures vanquished.

Vanquished Creatures (others)
  A water moccasin (D)
1 creature vanquished.

Grand Total: 28 creatures vanquished

Notes
Turn   | Place    | Note
-------+----------+-------------------------------------------
     0 | D        | boopmooplesden the Minotaur Fighter began the quest for the
                  | Orb.
     0 | D        | Reached XP level 1. HP: 19/19 MP: 0/0
     1 | D        | Noticed a wyvern
     1 | D        | Noticed a wyvern
     4 | D        | Noticed a scorpion
     4 | D        | Noticed a scorpion
     4 | D        | Noticed a scorpion
     4 | D        | Noticed a scorpion
     8 | D        | Killed a scorpion
     9 | D        | Reached skill level 3 in Axes
     9 | D        | Reached skill level 5 in Shields
     9 | D        | Reached XP level 2. HP: 27/30 MP: 1/1
     9 | D        | Reached XP level 3. HP: 34/37 MP: 2/2
    10 | D        | Killed a scorpion
    11 | D        | Reached skill level 4 in Axes
    11 | D        | Reached XP level 4. HP: 37/47 MP: 3/3
    12 | D        | Killed a scorpion
    13 | D        | Reached XP level 5. HP: 39/53 MP: 4/4
    16 | D        | Reached skill level 5 in Axes
    30 | D        | Killed a water moccasin
   194 | D        | Noticed a neqoxec
   194 | D        | Noticed a neqoxec
   197 | D        | Noticed a neqoxec
   203 | D        | Killed a neqoxec
   204 | D        | Reached skill level 6 in Axes
   204 | D        | Reached XP level 6. HP: 56/66 MP: 5/5
   206 | D        | Killed a neqoxec
   207 | D        | Reached skill level 10 in Fighting
   207 | D        | Reached skill level 7 in Axes
   207 | D        | Reached skill level 10 in Armour
   209 | D        | Gained mutation: You are clumsy. (Dex -2) [a neqoxec]
   211 | D        | Killed a neqoxec
   212 | D        | Reached skill level 10 in Shields
   212 | D        | Reached XP level 7. HP: 27/73 MP: 6/6
   227 | D        | Noticed a neqoxec
   227 | D        | Noticed a flying skull
   227 | D        | Noticed a flying skull
   227 | D        | Noticed a flying skull
   227 | D        | Noticed a flying skull
   228 | D        | Noticed a flying skull
   228 | D        | Noticed a flying skull
   228 | D        | Noticed a flying skull
   235 | D        | Killed a flying skull
   236 | D        | Reached skill level 8 in Axes
   239 | D        | Killed a flying skull
   240 | D        | Reached skill level 9 in Axes
   246 | D        | Killed a flying skull
   247 | D        | Reached skill level 1 in Dodging
   247 | D        | Reached XP level 8. HP: 16/83 MP: 7/7
   254 | D        | Killed a flying skull
   255 | D        | Reached skill level 10 in Axes
   259 | D        | Killed a flying skull
   262 | D        | Killed a flying skull
   267 | D        | Reached skill level 11 in Axes
   267 | D        | Noticed a flying skull
   267 | D        | Noticed a flying skull
   277 | D        | Killed a flying skull
   281 | D        | Killed a flying skull
   282 | D        | Reached XP level 9. HP: 28/92 MP: 8/8
   549 | D        | Reached skill level 12 in Axes
   575 | D        | Reached skill level 13 in Axes
   589 | D        | Found Fimo's Magic Scroll Shoppe.
   589 | D        | Found Noutweff's Jewellery Shoppe.
   589 | D        | Found Eroepyrgh's Weapon Emporium.
   589 | D        | Found Olanwip's Antique Armour Shoppe.
   589 | D        | Found Joghaoge's Book Emporium.
   589 | D        | Found Xofulu Puca's Antique Armour Shoppe.
   589 | D        | Found Kiapn's Distillery.
   589 | D        | Found Rauk's Book Emporium.
   590 | D        | Found Ukhiarch's Jewellery Emporium.
   590 | D        | Found Ozxamnua's Antique Weapon Emporium.
   590 | D        | Noticed Menkaure
   603 | D        | Killed Menkaure
   649 | D        | Reached skill level 14 in Axes
   653 | D        | Succumbed to poison (dark miasma)

Illustrated notes

Levels and vault maps discovered:
D:        the_violet_keep_of_menkaure [sprint2_stairs_cluster_1,
          sprint2_shoproom, sprint2_temple, sprint2_basic_supplies,
          sprint2_obstacle_1, sprint2_obstacle_2, sprint2_obstacle_7,
          sprint2_obstacle_5, sprint2_obstacle_4, sprint2_timed_cluster_1,
          sprint2_smallroom_cluster_1, sprint2_smallroom_final_cluster_1,
          sprint2_transparent_cluster_1, sprint2_second_timed_cluster_1,
          sprint2_sniper_area_1, sprint2_heavy_combat_area_1,
          sprint2_mutation_trap_area_1, sprint2_forest_area_1,
          sprint2_light_combat_area_1, sprint2_behind_water_1,
          sprint2_near_end_vault_1]

Skill      XL: |  1  2  3  4  5  6  7  8  9 |
---------------+----------------------------+-----
Fighting       | 6 7 8 9 10 11 12 13 | 13.7
Axes           | 3 4 6 7 9 11 14 | 14.1
Armour         | 6 7 9 10 11 12 | 12.8
Shields        | 5 7 9 10 11 12 13 | 13.0
Dodging        | 1 2 3 |  3.3
Stealth        | |  0.3

Action                   |  1- 3 |  4- 6 |  7- 9 || total
-------------------------+-------+-------+-------++-------
Melee: War axe           |     5 |    21 |    99 ||   125
       Headbutt          |       |     4 |    12 ||    16
  Use: Potion            |       |     1 |     3 ||     4
Armor: Scale mail        |       |     2 |    13 ||    15
Dodge: Dodged            |     3 |     2 |    20 ||    25
Block: Kite shield       |     3 |     6 |    43 ||    52
